 Dungeon Crawl Stone Soup version 0.32-a0-306-gfed3edf829 (webtiles) character file.

Game seed: 7159515363824799913

155 holysushi the Cutter (level 5, -15/40 HPs)
             Began as a Vine Stalker Monk on Feb 15, 2024.
             Demolished by an ogre
             ... wielding a +0 giant club
              (22 damage)
             ... on level 3 of the Dungeon.
             The game lasted 00:01:35 (1698 turns).

holysushi the Cutter (Vine Stalker Monk)            Turns: 1698, Time: 00:01:35

Health: -15/40     AC: 22    Str: 13    XL:     5   Next: 37%
Magic:  0/9        EV:  2    Int: 10    God:
Gold:   146        SH:  0    Dex: 25    Spells: 8/8 levels left

rFire   . . .        a - +0 short sword
rCold   . . .        d - orb {light}
rNeg    . . .        b - melded +0 robe
rPois   +            (helmet currently unavailable)
rElec   .            (cloak currently unavailable)
rCorr   .            (gloves currently unavailable)
SInv    .            (boots currently unavailable)
Will    +....        (no amulet)
Stlth   +            e - +6 ring of dexterity
HPRegen 1.06/turn    (no ring)
MPRegen 0.11/turn

%: guardian spirit
@: tree-form, enlightened, glowing
A: stationary, stasis, torment immunity, boosted hp, (fangs 2), regeneration 1,
magic shield, (antimagic bite), no potion heal 2
a: no special abilities


You were on level 3 of the Dungeon.
You were a tree.
You visited 1 branch of the dungeon, and saw 3 of its levels.

You collected 146 gold pieces.

Inventory:

Hand Weapons
 a - a +0 short sword (weapon)
Armour
 b - a +0 robe (melded)
 d - an orb of light (worn)
Jewellery
 e - a +6 ring of dexterity (left branch)
 j - a ring of flight
 o - a ring of ice
Scrolls
 f - 2 scrolls of teleportation {unknown}
 g - 2 scrolls of revelation {unknown}
 k - 4 scrolls of immolation
 m - 3 scrolls of identify {unknown}
 p - 2 scrolls of fog {unknown}
Potions
 c - a potion of ambrosia
 l - a potion of attraction {unknown}
 n - a potion of curing {unknown}


   Skills:
 - Level 2.7 Fighting
 + Level 4.1 Short Blades
 + Level 3.4 Dodging
 + Level 2.0 Spellcasting


You had 8 spell levels left.
You didn't know any spells.
Your spell library was empty.

Dungeon Overview and Level Annotations

Branches:
Dungeon (3/15) Zot: 16328

Altars:


Innate Abilities, Weirdness & Mutations

You are a tree.
Your roots penetrate the ground, keeping you stationary.
You cannot be teleported.
You are immune to unholy pain and torment.
Your maximum health is greatly increased.
Your equipment is partially melded.
((You have extremely sharp teeth.))
Your natural rate of healing is unusually fast.
When hurt, damage is shared between your health and your magic reserves.
((Your bite disrupts and absorbs the magic of your enemies.))
Potions cannot restore your health.


Message History

There are monsters nearby!
You hit the bat.
The bat is severely wounded.
The bat hits you but does no damage. The bat barely misses you.
The bat barely misses you. The bat misses you.
The ogre attacks as it pursues you! The ogre hits you with a +0 giant club!
You aren't carrying any items that you can evoke.
Unknown command.
Okay, then.
It was a potion of enlightenment.
You feel very buoyant.
You fly up into the air.
The bat closely misses you.
It was a potion of lignification.
You turn into a tree.
Your +0 robe melds into your body.
Your roots penetrate the ground.
You hit the ogre.
The ogre is lightly wounded.
The ogre barely misses you.
You hit the ogre.
The ogre is moderately wounded.
The ogre hits you with a +0 giant club!
You hit the ogre.
The ogre is moderately wounded.
You hit the ogre.
The ogre is heavily wounded.
The ogre hits you with a +0 giant club!
You hit the ogre.
The ogre is heavily wounded.
You hit the ogre.
The ogre is severely wounded.
The ogre hits you with a +0 giant club!
* * * LOW HITPOINT WARNING * * *
You hit the ogre.
The ogre is severely wounded.
You hit the ogre.
The ogre is severely wounded.
The ogre hits you with a +0 giant club!!
Ouch! That really hurt!
You die...

###...#..#
#####........##
##............)#
..b##.#..(.....##
.#..#...........#
....##........#.##
.....#...........#
.....##........#O#
......#..#...###♣#
....#.##...###...##
.......#.###...#..#
.....#####........##
...### #.....).....#
###...##.#........##
##...#..#...........#
........##........#.#
.........#.†..........[


You could see an ogre.

Vanquished Creatures
  An orc wizard (D:3)
  An adder (D:2)
  A gnoll (D:2)
  A dart slug (D:1)
  3 orcs (D:3)
  14 ball pythons
  10 endoplasms
  4 giant cockroaches
  4 goblins
  4 hobgoblins
  A jackal (D:3)
  3 kobolds
  2 quokkas
  5 bats
  4 frilled lizards
  A rat (D:1)
59 creatures vanquished.

Notes
Turn   | Place    | Note
-------+----------+-------------------------------------------
     0 | D:1      | holysushi the Vine Stalker Monk began the quest for the
                  | Orb.
     0 | D:1      | Reached XP level 1. HP: 11/11 MP: 2/2
    32 | D:1      | Reached skill level 3 in Short Blades
    32 | D:1      | Reached XP level 2. HP: 16/16 MP: 1/3
   215 | D:1      | Reached XP level 3. HP: 19/19 MP: 4/4
   899 | D:2      | Found a faded altar of an unknown god.
   914 | D:2      | Reached XP level 4. HP: 23/23 MP: 6/6
   946 | D:2      | Reached skill level 1 in Spellcasting
  1514 | D:3      | Reached skill level 4 in Short Blades
  1514 | D:3      | Reached XP level 5. HP: 27/27 MP: 8/8
  1668 | D:3      | Noticed an ogre
  1698 | D:3      | Demolished by an ogre

Illustrated notes

Levels and vault maps discovered:
D:1:      dpeg_arrival_rooms_with_view, layout_loops_ring, minmay_pentomino_z2
D:2:      minmay_chambers_of_twos, layout_loops_ring,
          hellmonk_ecumenical_altar_blasted
D:3:      minmay_skewed_foursquare, layout_loops_ring,
          lemuel_zombie_altar_yredelemnul, mainiacjoe_overflow_alcove_2,
          nicolae_tso_swordbearing_angel, hex_medium

Skill      XL: |  1  2  3  4  5 |
---------------+----------------+-----
Short Blades   | 3 4 |  4.1
Dodging        | 3 |  3.4
Spellcasting   | 1 2 |  2.0
Fighting       | |  2.7

Action                     |  1- 3 |  4- 6 || total
---------------------------+-------+-------++-------
  Melee: Short sword       |    66 |    76 ||   142
         Bite              |    22 |    23 ||    45
    Use: Potion            |       |     2 ||     2
   Stab: Sleeping          |     2 |       ||     2
 Armour: Robe              |    19 |    19 ||    38
         Skin              |       |     4 ||     4
  Dodge: Dodged            |    38 |    52 ||    90

Table legend: (Time is in decaauts)
 A = Elapsed time spent in this place.
 B = Non-inter-level travel time spent in this place.
 C = Inter-level travel time spent in this place.
 D = Time resting spent in this place.
 E = Time spent auto-exploring this place.
 F = Levels seen in this place.
 G = Mean time per level.
                   A        B        C        D        E       F      G
               +--------+--------+--------+--------+--------+-----+--------+
         Total |   1671 |   1625 |     46 |      0 |   1253 |   3 |  557.0 |
       Dungeon |   1671 |   1625 |     46 |      0 |   1253 |   3 |  557.0 |
               +--------+--------+--------+--------+--------+-----+--------+

Top non-repeatable levels by time:
     D:1: 708 daAuts
     D:2: 696 daAuts
     D:3: 266 daAuts
